 Dungeon Crawl Stone Soup version 0.16-b1 (webtiles) character file.

72 McCoppin the Firebug (level 4, 0/30 HPs)
             Began as a Human Fire Elementalist on Mar 10, 2015.
             Slain by Ijyb (4 damage)
             ... on level 2 of the Dungeon.
             The game lasted 00:10:50 (2100 turns).

McCoppin the Firebug (Human Fire Elementalist)      Turns: 2100, Time: 00:10:50

Health: 0/30       AC:  2    Str: 10    XL:     4   Next: 50%
Magic:  8/8        EV: 12    Int: 15    God:
Gold:   65         SH:  0    Dex: 13    Spells: 2 memorised, 3 levels left

rFire  . . .     SeeInvis .     f - +0 dagger
rCold  . . .     Clarity  .     a - +0 robe
rNeg   . . .     SustAb   .     (no shield)
rPois  +         Gourm    .     (no helmet)
rElec  .         Spirit   .     (no cloak)
rCorr  .         Warding  .     (no gloves)
rMut   .         Stasis   .     (no boots)
MR     .....                    (no amulet)
Stlth  ++........               (no ring)
                                h - ring of poison resistance

@: not resistant to hostile enchantments, unstealthy
A: no striking features
a: no special abilities


You were on level 2 of the Dungeon.
You were not hungry.

You visited 1 branch of the dungeon, and saw 2 of its levels.

You collected 65 gold pieces.

Inventory:

Hand weapons
 f - a +0 dagger (weapon)
Armour
 a - a +0 robe (worn)
Jewellery
 h - a ring of poison resistance (left hand)
 l - an uncursed amulet of regeneration {unknown}
Scrolls
 e - 2 scrolls of identify {unknown}
 o - a scroll of teleportation {unknown}
Potions
 g - a potion of heal wounds {unknown}
 j - a potion of curing {unknown}
 n - a potion of cancellation {unknown}
Books
 b - a book of Flames

   Spells                             Type                      Level
   a - Flame Tongue                   Conjuration/Fire             1
   b - Throw Flame                    Conjuration/Fire             2
   c - Conjure Flame                  Conjuration/Fire             3
   d - Inner Flame                    Hexes/Fire                   3
   e - Sticky Flame                   Conjuration/Fire             4
   f - Fireball                       Conjuration/Fire             5
Comestibles
 c - a chunk of flesh
 i - 2 meat rations
 k - a royal jelly
 m - 2 bread rations


   Skills:
 - Level 2.0 Dodging
 - Level 2.0 Stealth
 + Level 2.9 Spellcasting
 - Level 2.2 Conjurations
 + Level 3.7 Fire Magic


You had 3 spell levels left.
You knew the following spells:

 Your Spells              Type           Power        Failure   Level  Hunger
a - Flame Tongue          Conj/Fire      ##...        8%          1    #......
b - Sticky Flame          Conj/Fire      ##......     67%         4    #####..


Dungeon Overview and Level Annotations

Branches:
Dungeon (2/15)

Altars:
Nemelex Xobeh

Annotations:
D:2 Ijyb, Sigmund


Message History

* * * LOW HITPOINT WARNING * * *
You barely miss Ijyb.
Ijyb is heavily wounded.
Ijyb closely misses you.
You closely miss Ijyb.
Ijyb is heavily wounded.
Ijyb closely misses you.
You hit Ijyb but do no damage.
Ijyb is heavily wounded.
Ijyb barely misses you.
You hit Ijyb but do no damage.
Ijyb is heavily wounded.
Ijyb misses you.
You hit Ijyb but do no damage.
Ijyb is heavily wounded.
Ijyb misses you.
You closely miss Ijyb.
Ijyb is heavily wounded.
Ijyb hits you.
You die...

. ###.##########....
..#
#...............##
.....
#.###.......###.#
.....##.# #.......#
.#
........###.......#
#.#
.........##........#
#.# #.#.().(....(.#
#.# #.#.g..#....###
#.#
#..@####.##...###.##
#.....##...##..##.#.
#......###. ##.##.#.
........# #.#
#....#. ...#.....#
#.# ####...
..###.....# #. ##.#
. #...... .. #.#
#.....# .. ... #.. .
##.#


You could see Ijyb.

Vanquished Creatures
  Jessica (D:2)
  An adder (D:1)
  A giant mite (D:2)
  A worm (D:2)
  2 ball pythons (D:1)
  3 goblins
  6 hobgoblins
  7 bats
  6 kobolds
  4 rats
32 creatures vanquished.

Notes
Turn   | Place    | Note
--------------------------------------------------------------
     0 | D:1      | McCoppin, the Human Fire Elementalist, began the quest for the Orb.
     0 | D:1      | Reached XP level 1. HP: 13/13 MP: 3/3
   265 | D:1      | Reached XP level 2. HP: 16/19 MP: 1/4
   790 | D:1      | Reached XP level 3. HP: 24/24 MP: 4/6
  1149 | D:2      | Noticed Jessica
  1424 | D:2      | Killed Jessica
  1424 | D:2      | Reached XP level 4. HP: 23/30 MP: 1/8
  1640 | D:2      | Learned a level 4 spell: Sticky Flame
  1651 | D:2      | Noticed Sigmund
  1736 | D:2      | Found a sparkling altar of Nemelex Xobeh.
  2006 | D:2      | Noticed Ijyb
  2100 | D:2      | Slain by Ijyb

Action                   |  1- 3 |  4- 6 || total
-------------------------+-------+-------++-------
Melee: Unarmed           |    16 |       ||    16
       Dagger            |    20 |    93 ||   113
 Cast: Flame Tongue      |    33 |    22 ||    55
  Use: Scroll            |       |     1 ||     1
       Potion            |       |     1 ||     1
  Eat: Bread ration      |     1 |       ||     1
